Map: Ephemeron LE

Players

MikeHawk - Winner!

  • Race: Terran Terran
  • League: Master
  • Spawn Location: 11:00

Caroline

  • Race: Terran Terran
  • League: Master
  • Spawn Location: 5:00

VOD

Have the link to the VOD?

Description

Time

  • Played on: Dec. 21, 2019, 1:21 p.m.
  • Length: 8:48
Show
View Real Time Build Order
Export as new Build Order

MikeHawk Terran - Winner!

Build Orders: Gas First Reaper Expand, Liberator Opening 

Get SALT Encoding   

  12  0:01  SCV  
  13  0:13  SCV  
  14  0:17  Supply Depot  
  14  0:25  SCV  
  15  0:28  Refinery  
  15  0:39  SCV  
  16  0:44  Barracks  
  16  0:51  SCV  
  17  1:03  SCV  
  18  1:15  SCV  
  19  1:31  Orbital Command, Reaper  
  20  1:47  Command Center  
  20  1:56  SCV  
  20  2:00  Factory  
  21  2:06  Barracks Reactor  
  21  2:09  SCV  
  21  2:14  Supply Depot  
  22  2:21  SCV  
  23  2:23  Refinery  
  23  2:36  SCV  
  23  2:48  SCV, Starport  
  23  2:53  Hellion x2  
  27  2:59  Orbital Command  
  27  3:00  SCV  
  27  3:03  Barracks Tech Lab  
  27  3:05  Orbital Command  
  28  3:08  Liberator  
  28  3:14  Hellion x2  
  28  3:16  SCV  
  36  3:28  SCV  
  37  3:36  Hellion x2  
  37  3:37  SCV  
  37  3:40  SCV  
  43  3:43  Supply Depot  
  43  3:49  SCV  
  43  3:53  SCV  
  45  4:01  Supply Depot, SCV  
  46  4:04  Marine x2, Cyclone  
  46  4:05  SCV  
  46  4:09  Starport Tech Lab  
  52  4:13  SCV  
  53  4:17  SCV  
  54  4:24  Marine x2  
  54  4:25  SCV  
  54  4:28  Raven  
  54  4:29  SCV  
  60  4:31  Supply Depot  
  60  4:38  SCV  
  61  4:40  Command Center  
  61  4:41  SCV  
  62  4:51  Marine x2  
  61  4:52  SCV  
  61  4:53  SCV  
  56  5:04  SCV, Siege Tank  
  56  5:05  SCV  
  59  5:11  Barracks  
  59  5:16  Barracks  
  59  5:17  SCV x2  
  59  5:18  Starport Reactor  
  59  5:19  Supply Depot, Stimpack, Refinery x2, Marine  
  62  5:29  SCV x2  
  62  5:33  Engineering Bay  
  64  5:35  Engineering Bay  
  64  5:37  Marine  
  64  5:39  Siege Tank  
  64  5:41  SCV x2  
  70  5:53  SCV  
  70  5:54  SCV, Orbital Command  
  70  5:55  Marine  
  73  5:58  Marine x2  
  73  6:00  Starport Reactor  
  73  6:02  Terran Infantry Armor Level 1, Terran Infantry Weapons Level 1  
  75  6:05  SCV  
  75  6:06  SCV  
  75  6:08  Barracks  
  75  6:09  Barracks  
  77  6:12  Marine x2  
  77  6:13  Marine  
  77  6:17  SCV  
  77  6:18  SCV  
  82  6:19  Siege Tank  
  82  6:21  SCV  
  86  6:26  Supply Depot  
  86  6:27  Supply Depot  
  86  6:29  SCV  
  86  6:30  Supply Depot, SCV  
  88  6:33  SCV  
  88  6:37  Supply Depot  
  88  6:38  Medivac x2  
  93  6:48  Marine x5, SCV x3  
  93  6:52  Siege Tank  
  104  6:55  Refinery  
  104  6:56  Refinery  
  104  6:59  Combat Shield  
  104  7:00  SCV x3, Barracks Reactor  
  107  7:05  Supply Depot x2  
  107  7:06  Marine x2  
  108  7:08  Barracks Reactor  
  108  7:09  Marine x3  
  108  7:12  SCV x3  
  114  7:20  Armory  
  114  7:23  Marine x2  
  114  7:24  SCV x2  
  114  7:26  Marine, Siege Tank  
  114  7:27  Marine x2  
  124  7:31  Medivac  
  124  7:35  Medivac  
  128  7:39  Supply Depot, Marine x2  
  128  7:40  Supply Depot  
  128  7:41  Marine x2  
  132  7:44  Marine x2  
  132  7:45  Marine  
  133  7:52  Marine  
  133  7:54  Marine  
  133  7:57  Marine x2  
  139  7:58  Siege Tank  
  139  7:59  Command Center, Marine  
  139  8:03  Marine x4  
  144  8:10  Marine  
  144  8:11  Marine  
  146  8:14  Factory  
  146  8:15  Marine x2  
  146  8:17  Marine  
  148  8:21  Marine x2  
Show
View Real Time Build Order
Export as new Build Order

Caroline Terran 

Build Orders: Gas First Reaper Expand 

Get SALT Encoding   

  12  0:00  SCV  
  13  0:12  SCV  
  14  0:17  Supply Depot  
  14  0:25  SCV  
  15  0:29  Refinery  
  15  0:38  SCV  
  16  0:44  Barracks  
  16  0:51  SCV  
  17  1:03  SCV  
  18  1:15  SCV  
  19  1:32  Orbital Command, Reaper  
  20  1:46  Command Center  
  20  1:58  Factory  
  20  2:00  SCV  
  21  2:07  Reaper  
  22  2:11  Supply Depot  
  22  2:16  SCV  
  23  2:32  SCV  
  24  2:44  Marine  
  24  2:45  SCV, Hellion  
  27  2:52  Starport  
  27  2:57  SCV  
  28  3:00  Orbital Command  
  29  3:06  Orbital Command  
  29  3:10  Barracks Reactor  
  28  3:15  Command Center  
  28  3:18  SCV  
  29  3:23  Refinery  
  29  3:30  SCV  
  29  3:34  Hellion  
  32  3:35  SCV  
  33  3:41  Viking  
  33  3:42  SCV  
  33  3:47  Marine x2  
  38  3:50  SCV  
  38  3:54  SCV  
  40  3:56  Factory Tech Lab  
  40  4:02  SCV  
  41  4:04  Supply Depot  
  41  4:06  Marine, SCV  
  41  4:07  Marine  
  44  4:14  SCV  
  45  4:18  SCV  
  45  4:23  Refinery  
  46  4:25  Raven  
  46  4:26  SCV  
  46  4:27  Orbital Command  
  46  4:30  Marine x2, SCV  
  46  4:31  Factory Tech Lab  
  52  4:38  SCV  
  52  4:42  SCV  
  54  4:50  SCV  
  51  4:55  SCV  
  51  4:57  SCV  
  47  5:03  SCV  
  47  5:07  SCV  
  48  5:09  Marine x2  
  48  5:14  SCV, Siege Tank, Barracks  
  53  5:15  SCV  
  53  5:17  Barracks  
  53  5:20  SCV  
  56  5:21  Engineering Bay  
  56  5:22  Engineering Bay  
  56  5:24  Starport Reactor  
  56  5:26  SCV  
  57  5:29  SCV  
  57  5:31  Refinery  
  57  5:32  SCV  
  59  5:38  SCV  
  59  5:40  Marine, Stimpack  
  59  5:41  SCV  
  62  5:45  SCV  
  62  5:46  Siege Tank  
  62  5:47  Orbital Command  
  66  5:54  SCV  
  66  5:55  Supply Depot x2  
  67  5:58  Marine  
  67  6:00  Supply Depot  
  68  6:04  Terran Infantry Weapons Level 1  
  68  6:06  SCV  
  68  6:07  Barracks  
  68  6:10  Barracks  
  69  6:14  Barracks Reactor, Terran Infantry Armor Level 1  
  69  6:16  Marine x2, SCV x2  
  69  6:18  SCV  
  74  6:20  Marine  
  75  6:26  Medivac  
  75  6:28  SCV x2  
  75  6:30  SCV  
  75  6:31  Refinery  
  80  6:34  Marine x2  
  80  6:38  Marine  
  83  6:40  Medivac  
  83  6:41  SCV x2  
  83  6:42  SCV  
  83  6:43  Supply Depot  
  83  6:44  Supply Depot  
  88  6:52  Marine x2  
  88  6:53  Marine, SCV x2  
  93  7:00  Supply Depot  
  93  7:04  Marine x2, SCV, Siege Tank  
  93  7:05  SCV  
  93  7:06  SCV  
  100  7:10  Marine, Armory  
  100  7:11  Supply Depot  
  100  7:13  Barracks Reactor  
  100  7:14  Barracks Reactor  
  100  7:16  Supply Depot, SCV  
  100  7:17  Marine x2, SCV  
  100  7:18  SCV  
  104  7:23  Marine  
  104  7:24  Sensor Tower  
  104  7:27  Medivac  
  104  7:29  SCV x2  
  109  7:30  SCV  
  109  7:31  Marine x2  
  109  7:32  Medivac  
  109  7:34  Marine  
  109  7:36  Refinery  
  115  7:37  Supply Depot x2  
  115  7:38  Marine  
  115  7:41  SCV x2, Marine, Siege Tank  
  115  7:42  SCV  
  123  7:48  Supply Depot  
  123  7:49  Marine  
  123  7:50  Marine x3, Supply Depot  
  123  7:51  Supply Depot, Marine  
  127  7:53  SCV  
  127  7:54  Marine  
  127  7:58  Marine  
  131  8:00  Medivac  
  133  8:10  Marine  
  133  8:11  Marine x5  
  139  8:13  Medivac  
  139  8:17  Command Center  
  137  8:23  Marine  
  137  8:24  Marine x2  
  134  8:28  Marine x3  
Tags
 
Add a new tag
Caveats
  • Supply blocks, unpowered buildings, or Contaminate may cause inaccurate times.
  • Supply counts are checked every 10 seconds.